 Dungeon Crawl Stone Soup version 0.30.1-4-g462c640d31 (webtiles) character file.

Game seed: 732572112434306534

25202 Amplified the Fighter (level 12, -4/116 HPs)
             Began as a Minotaur Hedge Wizard on Sept 15, 2023.
             Was an Elder of the Shining One.
             Killed from afar by a bog body (29 damage)
             ... with a bolt of cold
             ... summoned by a worldbinder
             ... on level 2 of the Abyss.
             The game lasted 00:23:33 (14199 turns).

Amplified the Fighter (Minotaur Hedge Wizard)      Turns: 14199, Time: 00:23:33

Health: -4/116     AC: 22    Str: 20    XL:     12   Next: 87%
Magic:  17/17      EV: 11    Int: 14    God:    the Shining One [****..]
Gold:   495        SH:  0    Dex: 14    Spells: 14/15 levels left

rFire   . . .        e - +1 quarterstaff
rCold   . . .        (shield currently unavailable)
rNeg    + + +        b - +3 chain mail {rPois}
rPois   +            A - +2 hat {Int+3}
rElec   .            x - +1 cloak {rPois}
rCorr   .            j - +1 pair of gloves
SInv    .            (no boots)
Will    .....        o - amulet of the acrobat Stlth
                     h - +4 ring of slaying
HPRegen 0.39/turn    c - ring of positive energy
MPRegen 0.15/turn

%: acrobat
@: slowed, glowing, very slow
A: horns 2, retaliatory headbutt, agile 1, strong 1
a: Renounce Religion, Divine Shield, Cleansing Flame


You were on level 2 of the Abyss.
You worshipped the Shining One.
The Shining One was greatly pleased with you.
You visited 2 branches of the dungeon, and saw 14 of its levels.
You visited the Abyss 1 time.
You also visited: Gauntlet.

You collected 909 gold pieces.
You spent 414 gold pieces at shops.

Inventory:

Hand Weapons
 a - a +0 dagger
 e - a +1 quarterstaff (weapon)
 D - a +4 demon whip of venom
Missiles
 r - 22 poisoned darts (quivered)
Armour
 b - a +3 chain mail of poison resistance (worn)
 j - a +1 pair of gloves (worn)
 p - a +0 scale mail
 x - a +1 cloak of poison resistance (worn)
 A - a +2 hat of intelligence (worn)
Magical Staves
 k - a staff of poison
 m - a staff of death
Jewellery
 c - a ring of positive energy (right hand)
 h - a +4 ring of slaying (left hand)
 i - a ring of fire
 o - an amulet of the acrobat (around neck)
Wands
 w - a wand of flame (2)
Scrolls
 f - 5 scrolls of magic mapping
 l - 2 scrolls of immolation
 s - a scroll of teleportation
 v - 2 scrolls of amnesia
 y - 8 scrolls of identify
 z - a scroll of poison
 B - a scroll of vulnerability
 C - 2 scrolls of torment
Potions
 d - a potion of magic
 g - 2 potions of cancellation
 n - a potion of lignification
 u - a potion of flight
 G - a potion of ambrosia


   Skills:
 * Level 13.9 Fighting
 * Level 8.5(11.1) Maces & Flails
 - Level 11.2(12.3) Staves
 * Level 11.5 Armour
 - Level 7.7 Dodging
 - Level 1.5 Stealth
 - Level 2.1 Spellcasting
 - Level 0.6 Conjurations
 - Level 0.6 Summonings
 - Level 0.6 Translocations
 * Level 8.4 Invocations


You had 14 spell levels left.
You knew the following spells:

 Your Spells              Type           Power      Damage    Failure   Level
a - Magic Dart            Conj           12%        1d3       67%         1

Your spell library contained the following spells:

 Spells                   Type           Power      Damage    Failure   Level
 Summon Small Mammal      Summ           12%        N/A       67%         1
 Sandblast                Erth           2%         2d4       77%         1
 Slow                     Hex            4%         N/A       77%         1
 Blink                    Tloc           6%         N/A       82%         2
 Call Imp                 Summ           6%         N/A       82%         2
 Lesser Beckoning         Tloc           6%         N/A       82%         2
 Static Discharge         Conj/Air       4%         2-3/arc   85%         2
 Cigotuvi's Dreadful Rot  Necr/Pois/Air  2%         N/A       88%         2
 Passwall                 Tmut/Erth      0%         N/A       88%         2
 Call Canine Familiar     Summ           3%         N/A       96%         3
 Gell's Gravitas          Tloc           3%         N/A       96%         3
 Teleport Other           Tloc           3%         N/A       96%         3
 Stone Arrow              Conj/Erth      4%         3d7       97%         3
 Summon Guardian Golem    Hex/Summ       2%         N/A       97%         3
 Confusing Touch          Hex            1%         N/A       98%         3
 Mephitic Cloud           Conj/Pois/Air  2%         N/A       98%         3
 Ozocubu's Armour         Ice            1%         N/A       98%         3
 Vampiric Draining        Necr           1%         2d6       98%         3
 Airstrike                Air            0%         2d(1-17)  100%        4
 Summon Lightning Spire   Summ/Air       2%         N/A       100%        4
 Iskenderun's Battlesphe  Conj           3%         2d6       100%        5
 Iron Shot                Conj/Erth      1%         9d1       100%        6
 Ozocubu's Refrigeration  Ice            0%         4d7       100%        7
 Spellforged Servitor     Conj/Summ      1%         N/A       100%        7


Dungeon Overview and Level Annotations

Branches:
Dungeon (14/15)            Temple (1/1) D:7            Lair (0/5) D:10
    Orc (0/2) D:10        Gauntlet (visited)
 Vaults: D:13-14

Altars:
Ashenzari
Cheibriados
Dithmenos
Elyvilon
Fedhas
Gozag
Hepliaklqana
Kikubaaqudgha
Makhleb
Nemelex Xobeh
Okawaru
Qazlal
Ru
Sif Muna
Trog
Uskayaw
Vehumet
Wu Jian
Xom
Yredelemnul
Zin
The Shining One

Shops:
D:7 ?

Annotations:
D:4 exclusion: oklob plant
D:10 1 runed translucent door, jaiteiro's ghost, journeyman DrEE
D:13 Frances Gauntlet 9 transporters


Innate Abilities, Weirdness & Mutations

You have a pair of horns on your head.
You reflexively headbutt those who attack you in melee.
You are agile. (Dex +4, Str/Int -1)
Your muscles are strong. (Str +4, Int/Dex -1)


Message History

You headbutt the worldbinder.
The worldbinder is moderately damaged.
The worldbinder misses you.
The worldbinder hits you but does no damage.
Unknown command.
You hit the worldbinder but do no damage.
You headbutt the worldbinder, but do no damage.
The worldbinder is moderately damaged.
The bog body gestures at you while chanting.
You feel yourself slow down. The bog body touches you.
The bog body freezes you!
The worldbinder hits you but does no damage.
The worldbinder closely misses you.
You hit the worldbinder but do no damage.
The worldbinder is moderately damaged.
The blink frog blinks!
The worldbinder hits you. x2
The swamp drake breathes poison at you.
The noxious blast engulfs the worldbinder but does no damage.
The bog body points at you and mumbles some strange words.
The bolt of cold hits you!!! The bog body touches you.
The bog body freezes you!!
* * * LOW HITPOINT WARNING * * *
You hear a roar!
You hit the worldbinder but do no damage.
The worldbinder is moderately damaged.
The worldbinder misses you. You furiously retaliate!
You headbutt the worldbinder! The worldbinder closely misses you.
A smoke demon comes into view.
The bog body touches you but does no damage.
Unknown command.
Okay, then.
Unknown command.
Okay, then.
You hit the worldbinder.
The worldbinder is heavily damaged.
The worldbinder hits you but does no damage.
The worldbinder misses you.
The bog body points at you and mumbles some strange words.
The bolt of cold hits you!!
You die...

#.#.. ###
#.#.# ..
###.#.#.
#.#.#....
###....### #
#.##..##.## #
#......## .
..# ##..°##
.F..#
.#.#@n####.# #
#.kxn°...# .
##F#°°.#.# #
...#°......
..3.#.##.....#
..#....
.#.....# .
#.#.. .
....#.. ##...
# .###. # # #.


You could see a worldbinder, 2 bog bodies, a smoke demon, a blink frog and a
swamp drake (summoned, catching breath).

Vanquished Creatures
  Gastronok (D:9)
  Josephine (D:11)
  A boulder beetle (D:11)
  2 centaur warriors (D:13)
  7 two-headed ogres
  A tengu warrior (D:13)
  Amaemon (D:9)
  3 large abominations (Abyss:2)
  An orc knight (D:11)
  An ugly thing (D:13)
  A cyclops (D:11)
  A manticore (D:13)
  A worldbinder (Abyss:2)
  An orange demon (D:9)
  An unseen horror (D:11)
  3 kobold demonologists (D:11)
  2 hornets (D:9)
  A troll (D:11)
  Prince Ribbit (D:5)
  2 centaur simulacra (Gauntlet)
  A shadow (D:11)
  9 wraiths
  4 wyverns
  2 basilisks (D:10)
  Menkaure (D:7)
  13 wargs (D:11)
  4 water moccasins
  2 hell hounds (D:11)
  10 orc warriors
  3 sky beasts
  A meliai simulacrum (Gauntlet)
  Pargi (D:3)
  6 black bears
  3 ogres
  7 centaurs
  A phantom (D:6)
  4 kobold brigands
  4 bullfrogs
  5 gnoll sergeants
  3 scorpions
  9 wights
  14 killer bees
  4 electric eels (D:7)
  13 howler monkeys
  A wyvern simulacrum (Gauntlet)
  3 jellies
  2 hounds
  4 gnoll boudas
  8 orc priests
  Terence (D:2)
  4 iguanas
  8 orc wizards
  Natasha (thrice) (D:3)
  2 sleepcaps (D:4)
  Robin (D:2)
  11 gnolls
  6 adders
  3 shadow imps
  2 white imps
  4 ufetubi
  A worm (D:5)
  4 dart slugs
  34 orcs
  10 endoplasms
  4 giant cockroaches
  11 goblins
  8 hobgoblins
  4 jackals
  10 kobolds
  6 ball pythons
  2 bats
  5 frilled lizards
  3 rats
322 creatures vanquished.

Notes
Turn   | Place    | Note
-------+----------+-------------------------------------------
     0 | D:1      | Amplified the Minotaur Hedge Wizard began the quest for the
                  | Orb.
     0 | D:1      | Reached XP level 1. HP: 14/14 MP: 2/2
   304 | D:1      | Reached skill level 1 in Fighting
   304 | D:1      | Reached skill level 1 in Armour
   306 | D:1      | Reached XP level 2. HP: 21/23 MP: 4/4
   351 | D:1      | Reached skill level 1 in Staves
   674 | D:2      | Reached XP level 3. HP: 19/29 MP: 5/5
   745 | D:2      | Noticed Terence
   752 | D:2      | Killed Terence
   753 | D:2      | Reached skill level 2 in Fighting
  1036 | D:2      | Identified the +5 dagger of the Ecumenical Temple {pain,
                  | rF- Will+ MP+9 Int+3}
  1074 | D:2      | Noticed Robin
  1097 | D:2      | Reached XP level 4. HP: 22/37 MP: 6/6
  1108 | D:2      | Killed Robin
  1668 | D:3      | Noticed Pargi
  1677 | D:3      | Killed Pargi
  1678 | D:3      | Reached skill level 3 in Fighting
  1678 | D:3      | Reached XP level 5. HP: 44/45 MP: 7/7
  2219 | D:3      | Noticed Natasha
  2221 | D:3      | Killed Natasha
  2222 | D:3      | Reached skill level 4 in Fighting
  2222 | D:3      | Reached XP level 6. HP: 52/52 MP: 8/8
  2236 | D:3      | Found an ancient bone altar of Kikubaaqudgha.
  2297 | D:3      | Found a shimmering altar of Xom.
  2327 | D:3      | Noticed Natasha
  2332 | D:3      | Killed Natasha
  2398 | D:3      | Noticed Natasha
  2403 | D:3      | Killed Natasha
  2424 | D:4      | Noticed a water moccasin
  2570 | D:4      | HP: 2/53 [poisoned by a water moccasin]
  2995 | D:4      | Reached skill level 5 in Fighting
  2995 | D:4      | Reached skill level 5 in Staves
  2995 | D:4      | Reached skill level 5 in Armour
  2995 | D:4      | Reached XP level 7. HP: 37/61 MP: 9/9
  3175 | D:4      | Found a blossoming altar of Fedhas.
  3199 | D:4      | Noticed an oklob plant
  3972 | D:5      | Entered Level 5 of the Dungeon
  4004 | D:5      | Noticed Prince Ribbit
  4102 | D:5      | Reached skill level 6 in Fighting
  4151 | D:5      | Found a snail-covered altar of Cheibriados.
  4341 | D:5      | Reached XP level 8. HP: 69/70 MP: 10/10
  4638 | D:5      | Gained mutation: You are agile. (Dex +4, Str/Int -1)
                  | [potion of mutation]
  4638 | D:5      | Gained mutation: Your muscles are strong. (Str +4, Int/Dex
                  | -1) [potion of mutation]
  4646 | D:5      | Killed Prince Ribbit
  5403 | D:6      | Reached skill level 7 in Fighting
  6301 | D:6      | Reached skill level 8 in Fighting
  6301 | D:6      | Reached XP level 9. HP: 81/81 MP: 11/11
  6321 | D:6      | Found an iron altar of Okawaru.
  6326 | D:6      | Found a shadowy altar of Dithmenos.
  6612 | D:7      | Noticed Menkaure
  6620 | D:7      | Killed Menkaure
  7198 | D:7      | Found Med Baso's Magic Scroll Shop.
  7206 | D:7      | Bought 2 scrolls of teleportation for 72 gold pieces
  7206 | D:7      | Bought a scroll of vulnerability for 48 gold pieces
  7206 | D:7      | Bought a scroll of torment for 114 gold pieces
  7206 | D:7      | Bought a scroll of enchant weapon for 90 gold pieces
  7206 | D:7      | Bought a scroll of enchant weapon for 90 gold pieces
  7383 | D:7      | Reached skill level 9 in Fighting
  7654 | D:7      | Found a staircase to the Ecumenical Temple.
  8003 | D:8      | Reached skill level 5 in Dodging
  8332 | D:8      | Found a sacrificial altar of Ru.
  8394 | D:8      | Found a sparkling altar of Nemelex Xobeh.
  8888 | D:9      | Reached XP level 10. HP: 90/90 MP: 12/12
  8904 | D:9      | Reached skill level 10 in Fighting
  9108 | Temple   | Entered the Ecumenical Temple
  9332 | Temple   | Became a worshipper of the Shining One
  9414 | D:9      | Reached skill level 10 in Staves
  9594 | D:9      | Paralysed by a hornet for 3 turns
  9602 | D:9      | Reached skill level 1 in Invocations
 10205 | D:9      | Noticed an orange demon
 10206 | D:9      | Noticed Amaemon
 10222 | D:9      | Killed an orange demon
 10231 | D:9      | Killed Amaemon
 10339 | D:9      | Noticed Gastronok
 10356 | D:9      | Killed Gastronok
 10357 | D:9      | Reached skill level 11 in Fighting
 10483 | D:9      | Found an opulent altar of Gozag.
 10509 | D:10     | Entered Level 10 of the Dungeon
 10538 | D:10     | Found a staircase to the Lair.
 10543 | D:10     | Reached skill level 1 in Maces & Flails
 10543 | D:10     | Reached XP level 11. HP: 102/102 MP: 13/13
 10635 | D:10     | Reached * piety under the Shining One
 10651 | D:10     | Noticed a two-headed ogre
 10658 | D:10     | Killed a two-headed ogre
 10819 | D:10     | Found a staircase to the Orcish Mines.
 10832 | D:10     | Found a runed translucent door.
 10832 | D:10     | Noticed jaiteiro's ghost (journeyman DrEE)
 10963 | D:10     | Reached skill level 5 in Invocations
 11752 | D:11     | Noticed a boulder beetle
 11780 | D:11     | Killed a boulder beetle
 11892 | D:11     | Noticed a two-headed ogre
 11924 | D:11     | Killed a two-headed ogre
 11925 | D:11     | Reached skill level 12 in Fighting
 12014 | D:11     | Noticed an orc knight
 12041 | D:11     | Killed an orc knight
 12123 | D:11     | Reached skill level 5 in Maces & Flails
 12271 | D:11     | Noticed Josephine
 12296 | D:11     | Killed Josephine
 12315 | D:11     | Reached ** piety under the Shining One
 12570 | D:11     | Reached XP level 12. HP: 100/113 MP: 15/15
 12577 | D:11     | Reached skill level 10 in Armour
 12753 | D:11     | Noticed a two-headed ogre
 12759 | D:11     | Noticed a two-headed ogre
 12761 | D:11     | Killed a two-headed ogre
 12770 | D:11     | Killed a two-headed ogre
 12777 | D:11     | Identified the ring "Fiseipp" {Fly rCorr Dex+4}
 12797 | D:11     | Reached skill level 13 in Fighting
 12956 | D:11     | Noticed a two-headed ogre
 12969 | D:11     | Killed a two-headed ogre
 13105 | D:11     | Noticed a two-headed ogre
 13119 | D:11     | Killed a two-headed ogre
 13256 | D:11     | You fall into a shaft and drop 3 floors!
 13258 | D:14     | Noticed a tengu warrior
 13260 | D:14     | Noticed a tengu warrior
 13317 | D:13     | Noticed Frances
 13368 | D:13     | Noticed a centaur warrior
 13385 | D:13     | Killed a tengu warrior
 13414 | D:13     | Noticed a two-headed ogre
 13434 | D:13     | Killed a two-headed ogre
 13503 | D:13     | Killed a centaur warrior
 13515 | D:13     | Noticed a centaur warrior
 13540 | D:13     | Killed a centaur warrior
 13558 | D:13     | Found a gate leading to a gauntlet.
 13564 | D:13     | Noticed a boulder beetle
 13573 | Gauntlet | Entered a Gauntlet
 13573 | Gauntlet | Reached *** piety under the Shining One
 13573 | Gauntlet | Found a transporter.
 13573 | Gauntlet | Found a transporter.
 13573 | Gauntlet | Found a transporter.
 13841 | Gauntlet | Found a transporter.
 13849 | Gauntlet | Noticed a death scarab
 13854 | Gauntlet | Found a transporter.
 13857 | Gauntlet | Found a transporter.
 13866 | Gauntlet | Found a transporter.
 13883 | Gauntlet | Found a transporter.
 13897 | Gauntlet | Found a transporter.
 13900 | Gauntlet | Found a transporter.
 13911 | Gauntlet | Found a transporter.
 13911 | Gauntlet | Found a transporter.
 13912 | Gauntlet | Found a runed translucent door.
 14093 | Abyss:2  | Cast into level 2 of the Abyss (a wizard)
 14110 | Abyss:2  | Noticed a green very ugly thing
 14110 | Abyss:2  | Noticed a white very ugly thing
 14112 | Abyss:2  | Noticed a brown very ugly thing
 14122 | Abyss:2  | Noticed a red very ugly thing
 14122 | Abyss:2  | Noticed an ironbound thunderhulk
 14127 | Abyss:2  | Noticed an ironbound thunderhulk
 14136 | Abyss:2  | Noticed a cyan very ugly thing
 14136 | Abyss:2  | Noticed an ironbound thunderhulk
 14180 | Abyss:2  | Reached **** piety under the Shining One
 14199 | Abyss:2  | Killed from afar by a bog body

Illustrated notes

Levels and vault maps discovered:
D:1:      sevenhm_arrival_forest_fort_small_4, layout_basic
D:2:      layout_basic, uniq_robin, uniq_terence
D:3:      layout_rooms, mainiacjoe_overflow_two_lobes,
          kennysheep_generic_room_14, uniq_natasha, uniq_pargi
D:4:      layout_basic, tgw_fedhas
D:5:      layout_cave_pods, slow_altar_1, uniq_prince_ribbit1
D:6:      layout_cave_pods, amethyst_overflow_temple_binary,
          chequers_hall_statues_corner_a
D:7:      layout_basic, minmay_temple_entry_mist, serial_shops,
          nicolae_stop_n_shop_1, serial_bayou, serial_bayou_crossing,
          serial_bayou_shore_a, serial_bayou_lagoon_a, serial_bayou_pond_d,
          minivault_10, uniq_menkaure
D:8:      layout_cave_pods, mainiacjoe_overflow_catch_the_wave,
          kennysheep_decorative_pillar
D:9:      layout_irregular_city, marbit_many_paths, uniq_amaemon, uniq_gastronok
D:10:     layout_layer_cave, minmay_lair_entry_grove, orc_0_dummy,
          hellmonk_ghost_happy_afterlife, hangedman_decor_clover_reticule
D:11:     lemuel_castle_with_subvaults [lemuel_castle_interior_carwin_2],
          layout_irregular_city, serial_shops, nicolae_shop_back_alley_shop,
          uniq_josephine
D:13:     layout_stronghold, ximxim_vaults_locker_room, gauntlet_entry_generic,
          dreamdust_mushroom_princess, uniq_frances
D:14:     layout_gridville, minmay_misc_feat_rugged
Temple:   nicolae_temple_figure_eight
Abyss:2:  base: D:2, guppyfry_abyss_exit_imp_island,
          hangedman_abyss_stitches_cave
Gauntlet: minmay_gauntlet_mixed_big_or_small [nicolae_gauntlet_arena_x,
          minmay_gauntlet_arena_77_path, gammafunk_gauntlet_arena_split_x,
          minmay_gauntlet_arena_77_fan, gammafunk_gauntlet_arena_teeth,
          minmay_gauntlet_arena_77_braids,
          nicolae_gauntlet_exit_dead_adventurers]

Skill      XL: |  1  2  3  4  5  6  7  8  9 10 11 12 |
---------------+-------------------------------------+-----
Fighting       | 1 2 3 4 5 6 8 9 11 12 13 | 13.9
Armour         | 1 2 3 5 6 7 9 11 | 11.5
Staves         | 1 2 3 5 6 8 9 11 | 11.2
Dodging        | 5 7 |  7.7
Invocations    | 4 6 8 |  8.4
Maces & Flails | 1 5 8 |  8.5
Stealth        | |  1.5
Spellcasting   | |  2.1
Conjurations   | |  0.6
Summonings     | |  0.6
Translocations | |  0.6

Action                     |  1- 3 |  4- 6 |  7- 9 | 10-12 || total
---------------------------+-------+-------+-------+-------++-------
  Melee: Dagger            |    11 |       |       |       ||    11
         Quarterstaff      |    48 |    96 |   297 |   542 ||   983
         Headbutt          |     4 |    15 |    54 |   146 ||   219
  Throw: Dart              |     1 |     5 |    16 |     8 ||    30
   Cast: Magic Dart        |       |       |     4 |       ||     4
 Invoke: Divine Shield     |       |       |       |    10 ||    10
  Evoke: Wand              |       |     2 |    13 |    15 ||    30
    Use: Scroll            |     3 |     7 |     8 |    18 ||    36
         Potion            |     3 |     6 |     3 |    10 ||    22
 Armour: Robe              |     6 |       |       |       ||     6
         Ring mail         |     7 |       |       |       ||     7
         Scale mail        |     9 |    44 |    99 |    39 ||   191
         Skin              |       |       |     1 |     3 ||     4
         Chain mail        |       |       |       |   233 ||   233
  Dodge: Dodged            |    25 |    60 |   178 |   381 ||   644
  Block: Other             |       |       |       |    65 ||    65
